 Dungeon Crawl Stone Soup version 0.01-2115-ge649c80b0b (webtiles) character file.

Game seed: 14574087843583506591, levelgen mode: deterministic

16 Lanoc the Unbeliever (level 2, 0/26 HPs) Immature Draconian Demonspawn. Began on June 10, 2020. Slain by a cinder newt (2 damage) ... on level 2 of the Dungeon. The game lasted 00:00:56 (116 turns).

Lanoc the Unbeliever (Immature Draconian Demonspawn) Turns: 116, Time: 00:00:56

Health: 0/26       AC:  5    Str: 16    XL:     2 ^: 17
Magic:  0/5        EV: 12    Int: 12    God:
Gold:   0          SH:  0    Dex: 10    Spells: 5/6 levels left

rFire    . . .     Vision   .   a - +0 trident
rCold    . . .     Gourm    .   (no weapon)
rNeg     . . .     Faith    .   (armour unavailable)
rPois    .         Spirit   .   (helmet restricted)
rElec    .         Reflect  .   (no cloak)
rCorr    .         Harm     .   (no gloves)
MR       .....                  (no boots)
Stlth    ++........             (no amulet)
HPRegen  0.18/turn              (no ring)
MPRegen  0.15/turn              (no ring)

@: very slightly contaminated
A: no body armour, unfitting armour, horns 1, cold-blooded, AC +5
a: Breathe Dart


You were on level 2 of the Dungeon.
You were not hungry.

You visited 1 branch of the dungeon, and saw 2 of its levels.

Inventory:

Weapons
 a - a +0 trident (weapon)
Comestibles
 c - a ration


   Skills:
 + Level 3.0 Fighting
 - Level 1.5 Polearms
 + Level 2.7 Dodging
 - Level 1.3 Stealth
 - Level 2.6 Spellcasting
   Level 3.0 Invocations


You had 5 spell levels left.
You knew the following spells:

 Your Spells              Type           Power        Failure   Level  Hunger
a - Flame Tongue          Fire           1 (40)       26%         1    #......

Your spell library contained the following spells:

 Spells                   Type           Power        Failure   Level  Hunger
 Blink                    Tloc           N/A          36%         2    ###....
 Call Imp                 Summ           1 (100)      36%         2    ###....
 Slow                     Hex            1 (100)      36%         2    ###....
 Conjure Flame            Fire           1 (100)      58%         3    ###....
 Mephitic Cloud           Pois/Air       1 (100)      58%         3    ###....


Dungeon Overview and Level Annotations

Branches:
Dungeon (2/8)

Altars:


Innate Abilities, Weirdness & Mutations

You cannot fit into any form of body armour.
Your plain brown scales are hard. (AC +5)
You can breathe rudimentary magical darts.
You have a pair of small horns on your head.
You are cold-blooded and may be slowed by cold attacks.


Message History

The cinder newt is heavily wounded. (5/11) HP The cinder newt closely misses you (0).
You hit the cinder newt (4).
The cinder newt is almost dead. (1/11) HP You barely miss the cinder newt.
The cinder newt is almost dead. (1/11) HP The cinder newt closely misses you (0).
Casting: Flame Tongue (safe; 26% risk of failure)
Confirm with . or Enter, or press ? or * to list all spells.
Aiming: Flame Tongue (safe; 26% risk of failure)
Press: ? - help, Shift-Dir - straight line, f/p - cinder newt
Aim: a cinder newt (almost dead (1/11))
You miscast Flame Tongue.
You smell smoke.
The cinder newt bites you (0). The cinder newt burns you!
* * * LOW HITPOINT WARNING * * *
You closely miss the cinder newt. You barely miss the cinder newt.
The cinder newt bites you (0). The cinder newt burns you!
* * * LOW HITPOINT WARNING * * *
The cinder newt bites you (0). The cinder newt burns you!
You die...

≈≈≈≈≈≈# ≈≈≈≈≈≈#
#PP≈≈≈≈≈.≈
#PP≈≈≈≈≈≈.
#P≈≈≈≈≈≈≈# #
#P≈≈≈≈≈≈≈# ##
#≈P≈≈≈≈≈≈# ##†
#lP≈≈≈≈≈≈# #≈.
#@P≈≈≈≈≈≈# ##≈.
#...≈≈≈PP######rr.
#.≈..≈≈≈.P##≈†r.≈#
#.≈≈.≈≈≈.Pr.rr..##
#.≈≈≈≈≈..#PPP####
#.≈≈≈≈≈≈.PP###
#≈≈≈≈≈...#..#
#≈≈≈≈..≈...##
##≈≈≈..≈≈.≈..#


You could see a cinder newt.

Vanquished Creatures
  A sewer rat (D:2)
  A giant cockroach (D:2)
  3 hobgoblins (D:1)
  3 rats (D:1)
8 creatures vanquished.

Vanquished Creatures (others)
  A sewer rat (D:2)
  A ball python (D:2)
  A kobold (D:2)
  3 withered plants (D:2)
6 creatures vanquished.

Grand Total: 14 creatures vanquished

Notes
Turn   | Place    | Note
-------+----------+-------------------------------------------
     0 | D:1      | Lanoc the Immature Draconian Demonspawn began the quest for
                  | the Orb.
     0 | D:1      | Reached XP level 1. HP: 18/18 MP: 4/4
    61 | D:2      | Gained mutation: You have a pair of small horns on your
                  | head. [demonic ancestry]
    61 | D:2      | Reached XP level 2. HP: 5/26 MP: 3/5
   116 | D:2      | Slain by a cinder newt

Levels and vault maps discovered:
D:1:      dpeg_arrival_houses_and_road, layout_basic, first_ration,
          kennysheep_generic_room_8
D:2:      layout_sewer, ashenzari_altar_1, marbit_many_paths, uniq_terence

Skill      XL: |  1 |
---------------+----+-----
Fighting       | 3 |  3.0
Polearms       | |  1.5
Dodging        | |  2.7
Stealth        | |  1.3
Spellcasting   | |  2.6
Invocations    | |  3.0

Action                   || total
-------------------------++-------
Melee: Trident           ||    27
       Unarmed           ||    23
       Tailslap          ||     2
       Headbutt          ||     1
 Cast: Flame Tongue      ||     5
  Use: Scroll            ||     1
Armor: Skin              ||     8
Dodge: Dodged            ||    23
